 Dungeon Crawl Stone Soup version 0.30-a0-465-g8901f6c8b5 (webtiles) character file.

Game seed: 14504052945941771222

45 billz999 the Magician (level 3, -2/27 HPs)
             Began as a Djinni Ice Elementalist on Dec 18, 2022.
             Slain by a gnoll
             ... wielding a +0 club
              (6 damage)
             ... on level 2 of the Dungeon.
             The game lasted 00:05:42 (1248 turns).

billz999 the Magician (Djinni Ice Elementalist)     Turns: 1248, Time: 00:05:43

Health: -2/27      AC:  7    Str:  7    XL:     3   Next: 90%
Gold:   9          EV: 10    Int: 18    God:
                   SH:  0    Dex: 13

rFire   + + .      SeeInvis .    d - +0 dagger
rCold   x . .      Faith    .    (no shield)
rNeg    . . .      Spirit   .    f - +1 ring mail {Will+}
rPois   ∞          Reflect  .    (no helmet)
rElec   .          Harm     .    h - +0 cloak
rCorr   .          Rampage  .    (no gloves)
Will    +....                    (boots unavailable)
Stlth   ++........               (no amulet)
HPRegen 0.24/turn                (no ring)
MPRegen 0.00/turn                (no ring)

@: brilliant, flying
A: sickness immunity, fire resistance 2, cold vulnerability 1, float, innate
caster, HP casting, extra vitality 1
a: no special abilities


You were on level 2 of the Dungeon.
You visited 1 branch of the dungeon, and saw 2 of its levels.

You collected 9 gold pieces.

Inventory:

Hand Weapons
 d - a +0 dagger (weapon)
Armour
 a - a +0 robe
 b - a +0 cloak
 f - a +1 ring mail of willpower (worn)
 g - a +0 pair of gloves
 h - a +0 cloak (worn)
Scrolls
 c - a scroll of fog {unknown}
 i - a scroll of magic mapping {unknown}
 j - a scroll of teleportation {unknown}
Potions
 e - a potion of brilliance


   Skills:
 + Level 1.5 Fighting
 - Level 2.1 Dodging
 + Level 3.0 Stealth
 - Level 3.2 Spellcasting


You couldn't memorise any spells.
You knew the following spells:

 Your Spells              Type           Power      Damage    Failure   Level
a - Freeze                Ice            88%        1d9       14%         1
b - Frozen Ramparts       Ice            44%        1d7       41%         3
c - Ozocubu's Armour      Ice            22%        N/A       41%         3
d - Summon Ice Beast      Ice/Summ       22%        N/A       82%         4
e - Foxfire               Conj/Fire      88%        2x1d8     14%         1
Your spell library was empty.

Dungeon Overview and Level Annotations

Branches:
Dungeon (2/15)

Altars:
The Shining One


Innate Abilities, Weirdness & Mutations

You are immune to sickness and miasma.
You are immune to poison.
Your flesh is very heat resistant. (rF++)
You are vulnerable to cold. (rC-)
You float through the air rather than walking.
You learn spells naturally, not from books.
Your magical power is your life essence.
You have superior vitality. (+4 MHP)


Message History

The gnoll hits you from afar with a +0 spear.
* * * LOW HITPOINT WARNING * * *
Casting: Freeze (safe; 14% risk of failure)
Confirm with . or Enter, or press ? or * to list all spells.
Aiming: Freeze (safe; 14% risk of failure)
Press: ? - help, Shift-Dir - straight line, f/p - adder
Aim: an adder (severely wounded)
You freeze the adder.
You kill the adder!
* * * LOW HITPOINT WARNING * * *
An endoplasm comes into view.
The gnoll barely misses you.
Your Stealth skill increases to level 3!
Unknown command.
The gnoll attacks as you move away! The gnoll misses you.
Your magical contamination has completely faded away.
The gnoll attacks as you move away! The gnoll hits you but does no damage.
The endoplasm quivers.
The gnoll attacks as you move away! The gnoll hits you but does no damage.
The gnoll attacks as you move away! The gnoll hits you but does no damage.
You see here a +0 whip.
The gnoll attacks as you move away! The gnoll hits you with a +0 club.
* * * LOW HITPOINT WARNING * * *
Casting: Freeze (safe; 14% risk of failure)
Confirm with . or Enter, or press ? or * to list all spells.
Aiming: Freeze (safe; 14% risk of failure)
Press: ? - help, Shift-Dir - straight line, f - gnoll
Aim: a gnoll, wielding a +0 club You freeze the gnoll.
The gnoll is lightly wounded.
* * * LOW HITPOINT WARNING * * *
The gnoll closely misses you. The gnoll attacks as you move away!
The gnoll hits you with a +0 club.
* * * LOW HITPOINT WARNING * * *
It was a potion of brilliance.
You feel clever all of a sudden. The gnoll closely misses you.
The gnoll attacks as you move away! The gnoll hits you but does no damage.
The gnoll attacks as you move away! The gnoll hits you with a +0 club.
You die...

#############
#..J.gg.g@..#
#.#########.### #.#
#.....# #g#
#.....###########
#g#
#........<.......
#J#
####....####...###~
#.#
#......)###..#..#
#.####.#.#..gg.g.##
.~~≈
#...g)g.###.####..#
~≈≈~


You could see 3 gnolls and an endoplasm.

Vanquished Creatures
  A gnoll (D:2)
  An adder (D:2)
  An endoplasm (D:1)
  A giant cockroach (D:1)
  6 goblins (D:1)
  2 jackals (D:2)
  5 kobolds
  5 ball pythons (D:1)
  2 bats
  A rat (D:1)
25 creatures vanquished.

Notes
Turn   | Place    | Note
-------+----------+-------------------------------------------
     0 | D:1      | billz999 the Djinni Ice Elementalist began the quest for
                  | the Orb.
     0 | D:1      | billz999 set off with the following spells memorised:
                  | Freeze, Frozen Ramparts, Ozocubu's Armour, Summon Ice
                  | Beast.
     0 | D:1      | Reached XP level 1. HP: 15/15 MP: 0/0
   153 | D:1      | Reached XP level 2. HP: 17/21 MP: 0/0
   484 | D:1      | Reached XP level 3. HP: 25/26 MP: 0/0
   484 | D:1      | Learned a level 1 spell: Foxfire
   839 | D:1      | Found a faded altar of an unknown god.
  1062 | D:2      | Reached skill level 1 in Fighting
  1089 | D:2      | Found a glowing golden altar of the Shining One.
  1248 | D:2      | Slain by a gnoll

Illustrated notes

Levels and vault maps discovered:
D:1:      psy_arrival_basics, layout_basic,
          hellmonk_ecumenical_altar_inner_sanctum
D:2:      wander_river, layout_loops_ring, basic_altar, nrook_loot_triangle,
          kennysheep_generic_room_6

Skill      XL: |  1  2  3 |
---------------+----------+-----
Stealth        | 2 3 |  3.0
Fighting       | 1 |  1.5
Dodging        | |  2.1
Spellcasting   | |  3.2

Action                   || total
-------------------------++-------
Melee: Dagger            ||     2
 Cast: Freeze            ||    35
  Use: Potion            ||     1
 Stab: Sleeping          ||     1
Armor: Robe              ||     2
       Ring mail         ||    14
Dodge: Dodged            ||    26

Table legend: (Time is in decaauts)
 A = Elapsed time spent in this place.
 B = Non-inter-level travel time spent in this place.
 C = Inter-level travel time spent in this place.
 D = Time resting spent in this place.
 E = Time spent auto-exploring this place.
 F = Levels seen in this place.
 G = Mean time per level.
                   A        B        C        D        E       F      G
               +--------+--------+--------+--------+--------+-----+--------+
         Total |   1247 |   1182 |     65 |     83 |    840 |   2 |  623.5 |
       Dungeon |   1247 |   1182 |     65 |     83 |    840 |   2 |  623.5 |
               +--------+--------+--------+--------+--------+-----+--------+

Top non-repeatable levels by time:
     D:1: 964 daAuts
     D:2: 282 daAuts
